 Dungeon Crawl Stone Soup version 0.31-a0-435-g2c6fae2916 (webtiles) character file.

Game seed: 4128436395669227079

7959 MacCMillion the Grappler (level 11, -13/99 HPs)
             Began as a Green Draconian Shapeshifter on Aug 1, 2023.
             Was a Priest of Qazlal.
             Mangled by a white ugly thing (27 damage)
             ... on level 10 of the Dungeon.
             The game lasted 00:24:19 (10759 turns).

MacCMillion the Grappler (DrSh)                    Turns: 10759, Time: 00:24:20

Health: -13/99     AC:  7    Str: 27    XL:     11   Next: 3%
Magic:  15/15      EV: 13    Int: 10    God:    Qazlal [***...]
Gold:   514        SH:  3    Dex: 11    Spells: 10/10 levels left

rFire   . .          .
                       - Unarmed
rCold   . . .        (no shield)
rNeg    . . .        (body armour unavailable)
rPois   +            (helmet currently unavailable)
rElec   .            (cloak currently unavailable)
rCorr   .            (gloves currently unavailable)
SInv    .            (boots currently unavailable)
Will    .....        H - amulet of faith
Stlth   +            d - +6 ring of strength
HPRegen 0.36/turn    (no ring)
MPRegen 0.14/turn

%: faith
@: about to teleport, beast-form, slowed, very slow
A: beast (slay +3), breathe noxious fumes, AC +7, unfitting armour, poison
resistance, cold-blooded
a: Breathe Noxious Fumes, Begin Untransformation, Renounce Religion, Upheaval,
Elemental Force


You were on level 10 of the Dungeon.
You worshipped Qazlal.
Qazlal was most pleased with you.
You were a hulking beast.
You visited 2 branches of the dungeon, and saw 11 of its levels.
You also visited: Sewer.

You collected 514 gold pieces.

Inventory:

Missiles
 n - 3 atropa-tipped darts
 r - 2 throwing nets
 s - 24 poisoned darts
 x - 6 datura-tipped darts
Armour
 m - a +1 cloak
Jewellery
 d - a +6 ring of strength (left hand)
 f - a +6 ring of intelligence
 u - a ring of poison resistance
 H - an amulet of faith (around neck)
 J - an amulet of the acrobat
Talismans
 b - a beast talisman (active)
Wands
 D - a wand of mindburst (12)
Scrolls
 e - 3 scrolls of teleportation
 h - 6 scrolls of vulnerability
 k - 2 scrolls of poison
 l - 2 scrolls of amnesia
 o - a scroll of noise
 p - 3 scrolls of fog
 t - a scroll of enchant armour {unknown}
 v - 2 scrolls of fear
 y - a scroll of blinking {unknown}
 A - 2 scrolls of immolation {unknown}
 B - 2 scrolls of silence {unknown}
 E - a scroll of enchant weapon {unknown}
 F - a scroll of revelation {unknown}
Potions
 a - 4 potions of lignification
 c - 2 potions of resistance
 g - 6 potions of might
 i - 2 potions of cancellation
 j - 2 potions of magic
 q - 4 potions of invisibility
 w - 5 potions of curing
 z - 3 potions of heal wounds
 C - 2 potions of brilliance
 G - a potion of ambrosia {unknown}
 I - a potion of degeneration


   Skills:
 + Level 9.6 Fighting
 + Level 4.3 Dodging
 - Level 12.0 Unarmed Combat
 - Level 6.0 Invocations
 + Level 5.5 Shapeshifting


You had 10 spell levels left.
You didn't know any spells.
Your spell library contained the following spells:

 Spells                   Type           Power      Damage    Failure   Level
 Blink                    Tloc           0%         N/A       50%         2
 Static Discharge         Conj/Air       0%         2-2/arc   50%         2
 Hailstorm                Conj/Ice       0%         3d3       75%         3
 Ozocubu's Armour         Ice            0%         N/A       75%         3
 Airstrike                Air            0%         2d(0-16)  98%         4
 Manifold Assault         Tloc           0%         N/A       98%         4
 Summon Ice Beast         Ice/Summ       0%         N/A       98%         4
 Summon Lightning Spire   Summ/Air       0%         N/A       98%         4
 Simulacrum               Ice/Necr       0%         N/A       100%        6
 Ozocubu's Refrigeration  Ice            0%         4d7       100%        7


Dungeon Overview and Level Annotations

Branches:
Dungeon (10/15)            Temple (1/1) D:5            Lair (0/5) D:8
  Sewer (visited)
    Orc: D:9-12

Altars:
Ashenzari
Cheibriados
Dithmenos
Elyvilon
Fedhas
Gozag
Hepliaklqana
Kikubaaqudgha
Makhleb
Nemelex Xobeh
Okawaru
Qazlal
Ru
Sif Muna
Trog
Uskayaw
Vehumet
Wu Jian
Xom
Yredelemnul
Zin
The Shining One

Annotations:
D:5 1 exclusion


Innate Abilities, Weirdness & Mutations

You are a hulking beast.
Your limbs bulge with bestial killing power. (Slay +3)
You can breathe blasts of noxious fumes.
Your lurid green scales are hard. (AC +7)
You cannot fit into any form of body armour.
Your system is resistant to poisons. (rPois)
You are cold-blooded and may be slowed by cold attacks.


Message History

Qazlal accepts your kill.
The howler monkey hoots and howls with incredible vigour!
Things that are here:
a +0 helmet; a howler monkey corpse You barely miss the howler monkey.
You tail-slap the howler monkey.
The howler monkey is lightly wounded.
The howler monkey hits you but does no damage.
You pummel the howler monkey!!
You kill the howler monkey!
Qazlal accepts your kill.
You can now give life to nearby clouds.
You see here a howler monkey corpse.
There is a stone staircase leading up here.
You climb upwards.
There is a stone staircase leading down here.
You start resting.
HP restored.
You start waiting.
Done waiting.
You climb downwards.
A white ugly thing comes into view.
There is a stone staircase leading up here.
A white ugly thing is nearby!
A white ugly thing is nearby!
Found a chain mail.
You start waiting.
A white ugly thing is nearby!
The white ugly thing is engulfed in blazing flames.
You hit the white ugly thing. You tail-slap the white ugly thing.
The white ugly thing is lightly wounded.
The white ugly thing claws you! The white ugly thing freezes you!!
As you read the scroll of teleportation, it crumbles to dust.
You feel strangely unstable. The white ugly thing claws you.
The white ugly thing freezes you!
You feel yourself slow down.
The white ugly thing attacks as you move away!
The white ugly thing claws you. The white ugly thing freezes you!!
* * * LOW HITPOINT WARNING * * *
The white ugly thing claws you.
* * * LOW HITPOINT WARNING * * *
The white ugly thing freezes you!!
You die...

#.................##♣♣♣
###........#...)..#########
#...[.....##.÷............ .
#..........#..[÷........##..#
#..".....#..<............#....
#...###..#..###...............
#### #####...................
###...§....#.#..........
#....○uh................
#......○...##((#........ ###
##....○....)###)#.......#
#..##........(...##))).......
#................##).......)#
#...####........##.....#.....
#...###.........##...........
##...#......[..##........##..
##............#.........##..


You could see a white ugly thing.

Vanquished Creatures
  2 kobold demonologists (D:10)
  2 hornets (D:8)
  A shadow (D:10)
  A slime creature (D:10)
  2 wyverns (D:9)
  15 yaks
  Menkaure (D:4)
  2 steam dragons (D:10)
  A vampire mosquito (D:10)
  A water moccasin (D:7)
  3 orc warriors
  2 ice beasts
  A black bear (D:8)
  4 phantoms
  2 kobold brigands
  2 bullfrogs (D:8)
  2 necrophages (D:8)
  A scorpion (D:5)
  2 gnoll sergeants (D:9)
  3 wights (D:8)
  10 killer bees
  An oklob sapling (D:5)
  6 howler monkeys
  An electric eel (D:6)
  4 centaur zombies (D:8)
  2 hounds
  A human zombie (D:8)
  7 orc priests
  A quasit (D:6)
  4 jellies
  6 orc wizards
  A hell rat (Sewer)
  A killer bee zombie (D:8)
  A howler monkey zombie (D:8)
  9 gnolls
  A river rat (Sewer)
  4 adders
  2 shadow imps
  6 white imps
  An ufetubus (D:6)
  6 worms
  29 orcs
  12 endoplasms
  8 giant cockroaches
  5 goblins
  4 hobgoblins
  10 jackals
  5 quokkas
  3 ball pythons
  5 bats
  2 frilled lizards
  13 kobolds
  15 rats
236 creatures vanquished.

Vanquished Creatures (collateral kills)
  A troll (D:10)
  A killer bee (D:7)
2 creatures vanquished.

Grand Total: 238 creatures vanquished

Notes
Turn   | Place    | Note
-------+----------+-------------------------------------------
     0 | D:1      | MacCMillion the Draconian Shapeshifter began the quest for
                  | the Orb.
     0 | D:1      | Reached XP level 1. HP: 16/16 MP: 1/1
   471 | D:1      | Reached XP level 2. HP: 23/23 MP: 2/2
   871 | D:2      | Reached XP level 3. HP: 29/29 MP: 3/3
   913 | D:2      | Reached skill level 4 in Unarmed Combat
  1148 | D:2      | Found a faded altar of an unknown god.
  1411 | D:2      | Reached XP level 4. HP: 37/37 MP: 4/4
  2322 | D:3      | Noticed an ice beast
  2610 | D:3      | Reached skill level 5 in Unarmed Combat
  2659 | D:3      | Reached XP level 5. HP: 40/45 MP: 5/5
  2732 | D:3      | Found an ornate altar of the Wu Jian Council.
  3179 | D:4      | Found an iron altar of Okawaru.
  3190 | D:4      | Identified the +3 hand axe of the Noxious God {vamp, rF+}
  3618 | D:4      | Reached XP level 6. HP: 35/52 MP: 6/6
  3709 | D:4      | Reached skill level 6 in Unarmed Combat
  3918 | D:4      | Noticed Menkaure
  3929 | D:4      | Killed Menkaure
  4313 | D:5      | Entered Level 5 of the Dungeon
  4324 | D:5      | Reached skill level 7 in Unarmed Combat
  4324 | D:5      | Your scales start taking on a lurid green colour.
  4324 | D:5      | Reached XP level 7. HP: 60/60 MP: 7/7
  4324 | D:5      | Gained mutation: Your system is resistant to poisons.
                  | (rPois) [Green Draconian growth]
  4383 | D:5      | Reached skill level 5 in Fighting
  4486 | D:5      | Found a glowing drain.
  4529 | Sewer    | Entered a sewer
  4930 | D:5      | Found a shimmering altar of Xom.
  4932 | D:5      | Found a sparkling altar of Nemelex Xobeh.
  4938 | D:5      | Found a shadowy altar of Dithmenos.
  5154 | D:5      | Found a staircase to the Ecumenical Temple.
  5551 | D:5      | Reached skill level 8 in Unarmed Combat
  5551 | D:5      | Reached XP level 8. HP: 70/70 MP: 8/8
  5817 | Temple   | Entered the Ecumenical Temple
  5840 | Temple   | Became a worshipper of Qazlal Stormbringer
  6577 | D:6      | Reached skill level 1 in Invocations
  7410 | D:7      | Reached skill level 9 in Unarmed Combat
  7861 | D:8      | Noticed a hornet
  7872 | D:8      | Killed a hornet
  7872 | D:8      | Reached * piety under Qazlal
  7873 | D:8      | Reached XP level 9. HP: 61/79 MP: 11/11
  7948 | D:8      | Found a snail-covered altar of Cheibriados.
  8441 | D:8      | Reached skill level 10 in Unarmed Combat
  8539 | D:8      | Found a staircase to the Lair.
  8615 | D:8      | Found a sacrificial altar of Ru.
  8694 | D:8      | Found an ancient bone altar of Kikubaaqudgha.
  8755 | D:8      | Reached skill level 5 in Invocations
  9081 | D:9      | Reached ** piety under Qazlal
  9217 | D:9      | Reached XP level 10. HP: 82/89 MP: 14/14
  9224 | D:9      | Reached skill level 11 in Unarmed Combat
  9764 | D:9      | Reached *** piety under Qazlal
  9774 | D:9      | Reached skill level 5 in Shapeshifting
 10010 | D:10     | Entered Level 10 of the Dungeon
 10199 | D:10     | Reached skill level 12 in Unarmed Combat
 10325 | D:10     | Identified the +5 chain mail of Ampajaepp {rC- rN++ Stlth+}
 10348 | D:10     | Reached XP level 11. HP: 50/97 MP: 10/15
 10690 | D:10     | Noticed a white ugly thing
 10759 | D:10     | Mangled by a white ugly thing

Illustrated notes

Levels and vault maps discovered:
D:1:      grunt_arrival_crossed_arrows, layout_loops_cross, nrook_campfire
D:2:      layout_basic, nicolae_ecumenical_oubliette, st_stairs_5,
          minmay_small_reverse_x
D:3:      layout_basic, mainiacjoe_overflow_catwalk, minmay_divided_ellipse
D:4:      layout_basic, okawaru_ov_weapons_minmay, minivault_1, uniq_menkaure
D:5:      layout_layer_cave, gammafunk_temple_overflow_forgotten,
          minmay_temple_entry_oklob, cheibrodos_sewer_entry_bend,
          minmay_misc_feat_columns
D:6:      layout_basic, serial_demonic, serial_demonic_d, serial_demonic_d,
          serial_demonic_e, serial_demonic_c, corexii_shack,
          kennysheep_crisscross
D:7:      layout_loops_ring
D:8:      layout_loops_ring, overflow_temple_1_default,
          lemuel_mausoleum_altar_kikubaaqudgha, cheibriados_altar_1,
          grunt_lair_entry_orc_guard_hut
D:9:      layout_cave_pools
D:10:     layout_cave_pools, dreamdust_princess_corridor, minmay_between
Temple:   minmay_temple_curvy_branch

Skill      XL: |  1  2  3  4  5  6  7  8  9 10 |
---------------+-------------------------------+-----
Fighting       | 2 3 4 6 7 8 9 |  9.6
Unarmed Combat | 4 5 7 8 9 10 12 | 12.0
Invocations    | 3 5 6 |  6.0
Shapeshifting  | 4 5 |  5.5
Dodging        | 4 |  4.3

Action                     |  1- 3 |  4- 6 |  7- 9 | 10-12 || total
---------------------------+-------+-------+-------+-------++-------
  Melee: Unarmed           |   106 |   174 |   245 |   115 ||   640
         Tailslap          |    12 |    28 |    41 |    20 ||   101
         Punch             |     3 |     7 |    20 |     9 ||    39
 Invoke: Upheaval          |       |       |       |     3 ||     3
         Elemental Force   |       |       |       |     1 ||     1
Ability: Breathe Noxious F |       |       |    18 |     8 ||    26
    Use: Scroll            |       |    11 |     5 |     1 ||    17
   Stab: Sleeping          |     2 |     1 |     1 |       ||     4
         Distracted        |     1 |       |       |       ||     1
         Confused          |       |       |     9 |     6 ||    15
 Armour: Skin              |    32 |    34 |    32 |    18 ||   116
  Dodge: Dodged            |    38 |    97 |   100 |    60 ||   295
  Block: Other             |       |       |     2 |    14 ||    16

Table legend: (Time is in decaauts)
 A = Elapsed time spent in this place.
 B = Non-inter-level travel time spent in this place.
 C = Inter-level travel time spent in this place.
 D = Time resting spent in this place.
 E = Time spent auto-exploring this place.
 F = Levels seen in this place.
 G = Mean time per level.
                   A        B        C        D        E       F      G
               +--------+--------+--------+--------+--------+-----+--------+
         Total |  10695 |  10312 |    383 |   3457 |   4429 |  12 |  891.2 |
       Dungeon |  10432 |  10086 |    346 |   3355 |   4400 |  10 | 1043.2 |
        Temple |     45 |      8 |     37 |      0 |      0 |   1 |   45.0 |
         Sewer |    216 |    216 |      0 |    102 |     28 |   1 |  216.0 |
               +--------+--------+--------+--------+--------+-----+--------+

Top non-repeatable levels by time:
     D:5: 1734 daAuts
     D:8: 1321 daAuts
     D:2: 1205 daAuts
     D:4: 1146 daAuts
     D:3: 1135 daAuts
     D:9: 1059 daAuts
     D:1: 808 daAuts
     D:6: 800 daAuts
     D:7: 714 daAuts
    D:10: 507 daAuts
   Sewer: 216 daAuts
  Temple: 45 daAuts
